 Dungeon Sprint DCSS version 0.29-a0-732-g3d7fbe0af2 (webtiles) character file.

Game seed: 12655422685844148008

10 Hipnos the Chiller (level 2, 0/15 HPs)
             Began as a Deep Elf Ice Elementalist on June 29, 2022.
             Slain by a neqoxec (9 damage)
             ... in the Dungeon (Sprint II: "The Violet Keep of Menkaure").
             The game lasted 00:01:09 (166 turns).

Hipnos the Chiller (Deep Elf Ice Elementalist)       Turns: 166, Time: 00:01:11

Health: 0/15       AC:  2    Str:  5    XL:     2   Next: 10%
Magic:  6/9        EV: 13    Int: 19    God:
Gold:   243        SH:  0    Dex: 15    Spells: 8/9 levels left

rFire   . . .      SeeInvis .   (no weapon)
rCold   . . .      Faith    .   (no shield)
rNeg    . . .      Spirit   .   a - +0 robe
rPois   .          Reflect  .   (no helmet)
rElec   .          Harm     .   (no cloak)
rCorr   .          Rampage  .   (no gloves)
Will    .....      NoTele   +   (no boots)
Stlth   ++........              (no amulet)
HPRegen 0.05/turn               (no ring)
MPRegen 0.11/turn               (no ring)

@: hasted, very quick
A: no striking features
a: no special abilities


You were in the Dungeon.
You visited 1 branch You collected 243 gold pieces.

Inventory:

Armour
 a - a +0 robe (worn)
Scrolls
 g - a scroll of blinking
Potions
 b - 3 potions of magic
 c - a potion of curing
 d - a potion of heal wounds
 f - a potion of berserk rage


   Skills:
 + Level 2.7 Dodging
 + Level 2.6 Stealth
 * Level 4.1 Spellcasting
 + Level 5.8 Ice Magic


You had 8 spell levels left.
You knew the following spells:

 Your Spells              Type           Power      Damage    Failure   Level
a - Freeze                Ice            100%       1d11      1%          1

Your spell library contained the following spells:

 Spells                   Type           Power      Damage    Failure   Level
 Frozen Ramparts          Ice            52%        1d7       3%          3
 Ozocubu's Armour         Ice            26%        N/A       3%          3
 Hailstorm                Conj/Ice       15%        3d5       38%         4


Dungeon Overview and Level Annotations

Branches:
Dungeon (1/1)

Altars:

Shops:
D =[[:((?=(


Message History

You have reached level 2!
You close the door.
You start resting.
HP restored.
You start resting.
Magic restored.
There is an open door here.
You see here a worm corpse.
There is a staircase leading out of the dungeon here.
As you open the door, it creaks loudly!
A neqoxec comes into view.
The neqoxec shouts!
You hear a shout!
You close the door.
A neqoxec breaks down the door.
Okay, then.
You feel yourself speed up.
Casting: Freeze (safe; 1% risk of failure)
Confirm with . or Enter, or press ? or * to list all spells.
Aiming: Freeze (safe; 1% risk of failure)
Press: ? - help, Shift-Dir - straight line, f - neqoxec
Aim: a neqoxec You freeze the neqoxec.
The neqoxec is lightly wounded.
Casting: Freeze (safe; 1% risk of failure)
Confirm with . or Enter, or press ? or * to list all spells.
Aiming: Freeze (safe; 1% risk of failure)
Press: ? - help, Shift-Dir - straight line, f/p - neqoxec
Aim: a neqoxec (lightly wounded)
You freeze the neqoxec!
The neqoxec is heavily wounded.
The neqoxec hits you.
Casting: Freeze (safe; 1% risk of failure)
Confirm with . or Enter, or press ? or * to list all spells.
Aiming: Freeze (safe; 1% risk of failure)
Press: ? - help, Shift-Dir - straight line, f/p - neqoxec
Aim: a neqoxec (heavily wounded)
You freeze the neqoxec.
The neqoxec is heavily wounded.
The neqoxec hits you!
Ouch! That really hurt!
You die...

######≈ ....∩#≈
...∩.#≈ ..∩.∩#≈
.∩.∩.#≈ ###
∩.∩..#≈##.###+#
.∩...#≈#...##.###
+≈+##.'†<@3#
.....#≈#†####.##.#
▓▓▓###≈ #.# #+# .#
######≈ ## # ##


You could see a neqoxec.

Vanquished Creatures
  3 worms (D)
3 creatures vanquished.

Notes
Turn   | Place    | Note
-------+----------+-------------------------------------------
     0 | D        | Hipnos the Deep Elf Ice Elementalist began the quest for
                  | the Orb.
     0 | D        | Reached XP level 1. HP: 10/10 MP: 6/6
     8 | D        | Reached skill level 5 in Ice Magic
    99 | D        | Found Rushoos's Antique Armour Emporium.
    99 | D        | Found Zilyacul's Antique Weapon Emporium.
    99 | D        | Found Sidd's Jewellery Shoppe.
    99 | D        | Found Ocillos's Magic Scroll Emporium.
    99 | D        | Found Busmit's Antique Armour Shoppe.
    99 | D        | Found Kicor's Antique Weapon Emporium.
    99 | D        | Found Kuaph's Book Shoppe.
    99 | D        | Found Rorph's Antique Weapon Shoppe.
    99 | D        | Found Meatib's Jewellery Shoppe.
   104 | D        | Reached XP level 2. HP: 13/15 MP: 3/9
   161 | D        | Noticed a neqoxec
   166 | D        | Slain by a neqoxec

Illustrated notes

Levels and vault maps discovered:
D:        the_violet_keep_of_menkaure [sprint2_stairs_cluster_1,
          sprint2_shoproom, sprint2_temple, sprint2_basic_supplies,
          sprint2_obstacle_2, sprint2_obstacle_3, sprint2_obstacle_5,
          sprint2_obstacle_7, sprint2_obstacle_4, sprint2_timed_cluster_1,
          sprint2_smallroom_cluster_1, sprint2_smallroom_final_cluster_1,
          sprint2_transparent_cluster_1, sprint2_second_timed_cluster_1,
          sprint2_sniper_area_1, sprint2_heavy_combat_area_1,
          sprint2_mutation_trap_area_1, sprint2_forest_area_1,
          sprint2_light_combat_area_1, sprint2_behind_water_1,
          sprint2_near_end_vault_1]

Skill      XL: |  1 |
---------------+----+-----
Ice Magic      | 5 |  5.8
Spellcasting   | 4 |  4.1
Dodging        | |  2.7
Stealth        | |  2.6

Action                   || total
-------------------------++-------
 Cast: Freeze            ||    14
  Use: Potion            ||     1
Dodge: Dodged            ||     4

Table legend: (Time is in decaauts)
 A = Elapsed time spent in this place.
 B = Non-inter-level travel time spent in this place.
 C = Inter-level travel time spent in this place.
 D = Time resting spent in this place.
 E = Time spent auto-exploring this place.
 F = Levels seen in this place.
 G = Mean time per level.
                   A        B        C        D        E       F      G
               +--------+--------+--------+--------+--------+-----+--------+
         Total |    165 |    165 |      0 |    127 |      0 |   1 |  165.0 |
       Dungeon |    165 |    165 |      0 |    127 |      0 |   1 |  165.0 |
               +--------+--------+--------+--------+--------+-----+--------+

Top non-repeatable levels by time:
       D: 165 daAuts
